 Dungeon Crawl Stone Soup version 0.30-a0-779-g7971cf19c3 (webtiles) character file.

Game seed: 15664273541031097745

118913 dolemite99 the Zephyrmancer (level 16, -5/135 (139) HPs)
             Began as a Pale Draconian Conjurer on Feb 18, 2023.
             Was an Initiate of Gozag.
             Slain by a radroach (32 damage)
             ... on level 1 of the Spider Nest.
             The game lasted 01:27:18 (48683 turns).

dolemite99 the Zephyrmancer (DrCj)                 Turns: 48683, Time: 01:27:18

HP:   -5/135 (139)  AC: 18    Str: 11    XL:     16   Next: 26%
MP:   15/29         EV: 13    Int: 33    God:    Gozag
Gold: 1378          SH: 15    Dex: 10    Spells: 2/33 levels left

rFire   + . .      SeeInvis .    b - +1 demon trident (venom)
rCold   + . .      Faith    .    m - +0 kite shield {AC+3}
rNeg    . . .      Spirit   .    (body armour unavailable)
rPois   +          Reflect  +    s - +2 hat {Stlth+}
rElec   .          Harm     .    E - scarf {rC+ rF+}
rCorr   .          Rampage  .    v - +1 pair of gloves
Will    +....                    t - +1 pair of boots
Stlth   +++                      C - amulet "Vaghuh" {Reflect Regen+ Int+2 SH+5}
HPRegen 1.22/turn                d - +6 ring of intelligence
MPRegen 0.21/turn                M - ring of poison resistance

@: gold aura, slightly contaminated, lightly drained
A: breathe steam, AC +9, unfitting armour, cold-blooded, steam resistance
a: Breathe Steam, Renounce Religion, Potion Petition, Call Merchant, Bribe
Branch


You were on level 1 of the Spider Nest.
You worshipped Gozag.
Gozag was most pleased with you.
You visited 4 branches of the dungeon, and saw 24 of its levels.
You also visited: Ice Cave.

You collected 7379 gold pieces.
You spent 2937 gold pieces at shops.
You paid 3064 gold pieces to Gozag.

Inventory:

Hand Weapons
 b - a +1 demon trident of venom (weapon)
 n - the +1 short sword of the Postmodern Loafs {protect, +Blink Int+2}
   (You found it on level 6 of the Dungeon)

   Int:       It affects your intelligence (+2).
   +Blink:    It lets you blink.
 z - a -2 hand crossbow
Missiles
 x - a poisoned dart (quivered)
 F - 4 javelins
 H - a curare-tipped dart
 W - 3 boomerangs
Armour
 m - a +0 kite shield of protection (worn)
 s - a +2 hat of stealth (worn)
 t - a +1 pair of boots (worn)
 v - a +1 pair of gloves (worn)
 E - a scarf of resistance (worn)
Magical Staves
 a - a staff of poison
 i - a staff of cold
Jewellery
 d - a +6 ring of intelligence (left hand)
 j - the ring of Ozoholok {rF+ rN+}
   (You bought it in a shop on level 2 of the Orcish Mines)

   [ring of positive energy]

   rF:        It protects you from fire.
   rN:        It protects you from negative energy.
 k - a ring of protection from cold
 o - the amulet "Wamosm" {Reflect rElec rN+ SH+5}
   (You acquired it on level 4 of the Dungeon)

   [amulet of reflection]

   It reflects blocked missile attacks.
   rElec:     It insulates you from electricity.
   rN:        It protects you from negative energy.
   SH:        It affects your SH (+5).
 C - the amulet "Vaghuh" (around neck) {Reflect Regen+ Int+2 SH+5}
   (You bought it in a shop on level 14 of the Dungeon)

   [amulet of reflection]

   It reflects blocked missile attacks.
   Int:       It affects your intelligence (+2).
   Regen:     It increases your rate of health regeneration.
   SH:        It affects your SH (+5).
 M - a ring of poison resistance (right hand)
 N - a +4 ring of protection
 Q - a ring of ice
 X - a ring of magical power
Wands
 e - a wand of digging (7)
 g - a wand of roots (26)
 V - a wand of polymorph (4)
Scrolls
 f - 5 scrolls of identify {@r1}
 q - 12 scrolls of teleportation
 r - 4 scrolls of blinking
 w - 4 scrolls of poison
 y - 3 scrolls of noise
 G - 3 scrolls of silence
 L - 3 scrolls of amnesia
 O - 2 scrolls of vulnerability
 R - 5 scrolls of immolation
 T - 2 scrolls of enchant armour
 Y - a scroll of magic mapping
Potions
 h - 2 potions of ambrosia
 l - 10 potions of curing
 p - 3 potions of mutation
 u - 3 potions of lignification
 A - 2 potions of berserk rage
 D - a potion of brilliance
 I - 2 potions of degeneration {unknown}
 J - 11 potions of heal wounds
 K - 3 potions of resistance
 P - 2 potions of attraction {unknown}
 U - 7 potions of flight
 Z - a potion of might
Miscellaneous
 c - a lightning rod (4/4)
 B - a phantom mirror
 S - a box of beasts (inert)


   Skills:
 - Level 12.1 Fighting
 - Level 6.7 Polearms
 + Level 8.5 Dodging
 - Level 1.7 Stealth
 - Level 9.3 Shields
 + Level 9.1 Spellcasting
 - Level 12.1 Conjurations
 - Level 8.5 Hexes
 - Level 6.4 Translocations
 - Level 12.9 Air Magic
 - Level 4.0 Earth Magic


You had 2 spell levels left.
You knew the following spells:

 Your Spells              Type           Power      Damage    Failure   Level
a - Stone Arrow           Conj/Erth      100%       3d13      1%          3
b - Arcjolt               Conj/Air       39%        1d49      1%          5
c - Lightning Bolt        Conj/Air       39%        1d57      1%          5
d - Ozocubu's Armour      Ice            15%        N/A       22%         3
e - Blink                 Tloc           100%       N/A       1%          2
f - Fulminant Prism       Conj/Hex       35%        3d17      1%          4
g - Iskenderun's Mystic   Conj/Tloc      66%        2d14      1%          4
h - Sublimation of Blood  Necr           15%        N/A       11%         2
i - Vampiric Draining     Necr           15%        2d7       22%         3

Your spell library contained the following spells:

 Spells                   Type           Power      Damage    Failure   Level
 Apportation              Tloc           100%       N/A       1%          1
 Magic Dart               Conj           100%       1d8       1%          1
 Sandblast                Erth           82%        2d17      1%          1
 Slow                     Hex            100%       N/A       1%          1
 Ensorcelled Hibernation  Hex/Ice        86%        N/A       1%          2
 Searing Ray              Conj           100%       2d8       1%          2
 Static Discharge         Conj/Air       100%       2-7/arc   1%          2
 Passwall                 Tmut/Erth      23%        N/A       4%          2
 Beastly Appendage        Tmut           30%        N/A       7%          1
 Necrotise                Necr           60%        1d7       7%          1
 Call Imp                 Summ           15%        N/A       11%         2
 Wereblood                Tmut           15%        N/A       11%         2
 Confusing Touch          Hex            64%        N/A       1%          3
 Dazzling Flash           Conj/Hex       100%       N/A       1%          3
 Mephitic Cloud           Conj/Pois/Air  63%        N/A       1%          3
 Portal Projectile        Hex/Tloc       100%       N/A       1%          3
 Swiftness                Air            79%        N/A       1%          3
 Vhi's Electric Charge    Tloc/Air       100%       N/A       1%          3
 Iskenderun's Battlesphe  Conj           77%        2d13      1%          5
 Inner Flame              Hex/Fire       43%        N/A       3%          3
 Manifold Assault         Tloc           55%        N/A       4%          4
 Leda's Liquefaction      Hex/Erth       27%        N/A       5%          4
 Flame Wave               Conj/Fire      53%        2d13      6%          4
 Sticky Flame             Conj/Fire      53%        2d7       6%          4
 Conjure Ball Lightning   Conj/Air       39%        3x3d13    6%          6
 Fireball                 Conj/Fire      26%        3d12      16%         5
 Irradiate                Conj/Tmut      26%        3d20      16%         5
 Call Canine Familiar     Summ           15%        N/A       22%         3
 Spider Form              Tmut/Pois      15%        N/A       22%         3
 Petrify                  Tmut/Erth      28%        N/A       30%         4
 Metabolic Englaciation   Hex/Ice        21%        N/A       34%         5
 Summon Mana Viper        Hex/Summ       43%        N/A       34%         5
 Orb of Destruction       Conj           38%        9d11      38%         7
 Summon Forest            Summ/Tloc      18%        N/A       45%         5
 Agony                    Necr           15%        N/A       89%         5
 Alistair's Intoxication  Tmut/Pois      10%        N/A       89%         5
 Storm Form               Tmut/Air       27%        N/A       99%         7
 Summon Cactus Giant      Summ           7%         N/A       100%        6
 Ozocubu's Refrigeration  Ice            7%         4d9       100%        7
 Borgnjor's Revivificati  Necr           7%         N/A       100%        8
 Discord                  Hex            32%        N/A       100%        8
 Disjunction              Tloc           27%        N/A       100%        8
 Necromutation            Tmut/Necr      7%         N/A       100%        8
 Death's Door             Necr           7%         N/A       100%        9
 Simulacrum               Ice/Necr       Unusable   N/A       N/A         6

Dungeon Overview and Level Annotations

Branches:
Dungeon (15/15)            Temple (0/1) D:7            Lair (5/5) D:9
 Shoals (0/4) Lair:3       Spider (2/4) Lair:2        Slime (0/5) Lair:4
    Orc (2/2) D:12            Elf (0/3) Orc:2        Vaults (0/5) D:13
 Depths (0/4) D:15          IceCv (visited)

Altars:
Dithmenos
Elyvilon
Fedhas
Gozag
Hepliaklqana
Kikubaaqudgha
Makhleb
Qazlal
Ru
Sif Muna
Uskayaw
Vehumet
Xom
Jiyva

Shops:
D:4 *   D:6 *   D:9 *   D:11 ?   D:14 *   Orc:2 [!=(

Portals:
Trove: D:10 (give +6 demon whip)

Annotations:
D:3 3 runed translucent doors, flord's ghost, amateur MiFi
D:7 exclusion: downstairs
D:9 exclusion: upstairs
D:13 Frances
Lair:4 exclusion: 2 oklob plants
Lair:5 gold vault w/fire dragon, return w rf+
Spider:1 Roxanne
Orc:1 1 runed translucent door, Pimp's ghost, journeyman DsEE


Innate Abilities, Weirdness & Mutations

You can breathe blasts of scalding, opaque steam.
Your pale cyan-grey scales are hard. (AC +9)
You cannot fit into any form of body armour.
You are cold-blooded and may be slowed by cold attacks.
You are immune to the effects of steam.


Message History

There is a stone staircase leading down here.
You climb downwards.
Found 2 potions of mutation.
There is a stone staircase leading up here.
You reach to attack!
The helpless radroach fails to defend itself.
You hit the radroach.
The radroach is poisoned.
The radroach is lightly wounded.
Casting: Arcjolt (mildly dangerous; 1% risk of failure)
Confirm with . or Enter, or press ? or * to list all spells.
Electricity surges outward!
The radroach is heavily wounded.
The tarantella's many legs skitter faintly.
The radroach bites you! The radroach misses you. The radroach bites you!!
The radroach claws you!
Casting: Arcjolt (mildly dangerous; 1% risk of failure)
Confirm with . or Enter, or press ? or * to list all spells.
Electricity surges outward!
The radroach is severely wounded.
You kill the tarantella!
The radroach erupts in a fountain of uncontrolled magic!
You are blasted with magical radiation!!
You are very lightly contaminated with residual magic.
The radroach bites you. You block the radroach's attack.
The radroach closely misses you. x2
You climb upwards.
Level annotation: Roxanne
There is a stone staircase leading down here.
Casting: Arcjolt (mildly dangerous; 1% risk of failure)
Confirm with . or Enter, or press ? or * to list all spells.
Electricity surges outward!
The radroach is almost dead.
The radroach erupts in a fountain of uncontrolled magic!
You are blasted with magical radiation!!!
* * * LOW HITPOINT WARNING * * *
You are lightly contaminated with residual magic.
The radroach erupts in a fountain of uncontrolled magic!
You are blasted with magical radiation!!
You die...
Your body crumbles into a pile of gold.

..#.....................#........
.....................#....#.....#
..............^..)#.....^.##..###
.^..........#..[........#######
..#....................##...# #
.....#...............^##...### #
........#....................####
...............................#.
.......#........@.#..../.........
..#..............B..............^
......[............#.#.#...###..#
........^.......#..###.##..##..##
..............................##
.....#.......#.................##
...............#.........#......#
.....#.........####.#...###....##
..................##.....####.##


You could see a radroach (poisoned).

Vanquished Creatures
  Jorgrun (D:12)
  Gastronok (Lair:2)
  Fannar (Lair:2)
  6 hydras
  A catoblepas (Lair:3)
  2 two-headed ogres
  4 centaur warriors
  Urug (D:12)
  7 boulder beetles
  Sonja (D:10)
  Amaemon (D:10)
  A fire crab (Lair:5)
  A pharaoh ant (Spider:1)
  5 skysharks
  3 sun moths
  An orb spider (Spider:1)
  2 lindwurms (Lair:5)
  8 orc sorcerers
  7 manticores
  An oklob plant (Lair:4)
  9 wolf spiders
  3 cyclopes
  5 ugly things
  A moth of wrath (Spider:1)
  Joseph (D:10)
  4 elephants (Lair:4)
  Maggie (D:8)
  A gargoyle (D:10)
  An unseen horror (D:12)
  3 black mambas
  An orange demon (D:10)
  5 torpor snails (Lair:5)
  Psyche (D:8)
  11 cane toads
  A yaktaur (D:10)
  5 komodo dragons
  A rime drake (Lair:4)
  4 trolls
  3 tyrant leeches (Lair:5)
  7 hornets
  9 polar bears (Lair:5)
  4 tarantellas
  A merfolk (Lair:3)
  4 raiju (Lair:5)
  11 blink frogs
  5 slime creatures
  5 jumping spiders (Spider:1)
  3 shadows
  7 wyverns
  2 vampires
  2 culicivoras (Spider:1)
  59 yaks
  9 vampire mosquitoes
  4 basilisks
  A human (shapeshifter) (D:13)
  8 redbacks (Spider:1)
  Grum (Lair:1)
  Menkaure (D:7)
  15 wargs
  8 water moccasins
  11 hell hounds (Lair:5)
  An acid dragon (D:12)
  Duvessa (D:7)
  12 black bears
  2 ice beasts (D:7)
  11 orc warriors
  4 sky beasts
  3 ogres
  27 wolves
  A great orb of eyes simulacrum (IceCv)
  6 centaurs
  A phantom (D:6)
  A slime creature simulacrum (IceCv)
  3 kobold brigands
  A gnoll sergeant (D:9)
  16 bullfrogs
  3 scorpions
  3 wights (D:9)
  Dowan (D:7)
  3 killer bees
  3 howler monkeys
  5 crimson imps
  A jelly (D:4)
  5 hounds
  15 orc priests
  2 gnoll boudas
  3 iguanas
  44 orc wizards
  7 adders
  7 gnolls
  A shadow imp (D:5)
  A white imp (D:7)
  A worm (D:3)
  4 dart slugs
  70 orcs
  8 endoplasms
  4 giant cockroaches
  11 hobgoblins
  6 quokkas
  4 ball pythons
  3 bats
  5 frilled lizards
  12 goblins
  22 kobolds
  4 rats
641 creatures vanquished.

Vanquished Creatures (collateral kills)
  A centaur warrior (D:14)
  A death knight (D:15)
  A wizard (D:14)
  An orc sorcerer (Orc:2)
  3 ugly things (D:15)
  A black mamba (Lair:2)
  A freezing wraith (D:15)
  An efreet (D:14)
  3 wraiths (D:15)
  A basilisk (D:14)
  An orc wizard (D:13)
  An orc (Orc:2)
16 creatures vanquished.

Vanquished Creatures (others)
  An ogre mage (D:15)
  2 two-headed ogres (D:15)
  2 deep elf pyromancers
  A cyclops (D:15)
  A gargoyle (D:14)
  A tengu conjurer (D:14)
  3 slime creatures (D:13)
  A basilisk (shapeshifter) (D:15)
  A vampire mosquito (D:13)
  2 ogres (D:15)
  A hornet simulacrum (D:15)
  A kobold (D:9)
  54 fulminant prisms
  70 fungi
  109 plants
250 creatures vanquished.

Grand Total: 907 creatures vanquished

Notes
Turn   | Place    | Note
-------+----------+-------------------------------------------
     0 | D:1      | dolemite99 the Draconian Conjurer began the quest for the
                  | Orb.
     0 | D:1      | Reached XP level 1. HP: 14/14 MP: 3/3
   645 | D:1      | Reached XP level 2. HP: 20/20 MP: 0/5
   730 | D:1      | Learned a level 2 spell: Searing Ray
  1053 | D:1      | Reached skill level 5 in Conjurations
  1063 | D:1      | Reached XP level 3. HP: 22/26 MP: 2/6
  2321 | D:3      | Reached XP level 4. HP: 33/33 MP: 3/7
  3570 | D:3      | Reached XP level 5. HP: 38/38 MP: 6/8
  3712 | D:3      | Found a hazy altar of Hepliaklqana.
  4173 | D:3      | Found a hide-covered altar of Uskayaw.
  4416 | D:3      | Found a runed translucent gate.
  4416 | D:3      | Found a runed translucent gate.
  4416 | D:3      | Found a runed translucent gate.
  4482 | D:3      | Noticed flord's ghost (amateur MiFi)
  4996 | D:4      | Found Duucaj's Lightly-Used Armoury.
  5001 | D:4      | Bought a -2 hand crossbow for 1 gold piece
  5001 | D:4      | Bought a -1 demon trident for 110 gold pieces
  5054 | D:4      | Identified a scroll of acquirement
  5054 | D:4      | Acquired the amulet "Wamosm" {Reflect rElec rN+ SH+5}
  5085 | D:4      | Learned a level 3 spell: Dazzling Flash
  5190 | D:4      | Noticed an ogre
  5195 | D:4      | Killed an ogre
  5196 | D:4      | Reached XP level 6. HP: 45/45 MP: 2/9
  5699 | D:4      | Found an opulent altar of Gozag.
  5699 | D:4      | Found a shadowy altar of Dithmenos.
  5704 | D:4      | Found a blossoming altar of Fedhas.
  5708 | D:4      | Became a worshipper of Gozag Ym Sagoz the Greedy
  5739 | D:5      | Entered Level 5 of the Dungeon
  5746 | D:5      | Noticed a water moccasin
  5753 | D:5      | Killed a water moccasin
  5938 | D:5      | Found a shimmering blue altar of Sif Muna.
  5938 | D:5      | Found a sacrificial altar of Ru.
  6227 | D:5      | Found a radiant altar of Vehumet.
  6323 | D:5      | Your scales start taking on a pale cyan-grey colour.
  6323 | D:5      | Reached XP level 7. HP: 50/50 MP: 4/10
  6323 | D:5      | Gained mutation: You are immune to the effects of steam.
                  | [Pale Draconian growth]
  8042 | D:6      | Reached XP level 8. HP: 57/57 MP: 8/14
  8241 | D:6      | Found Xamm's General Store.
  8252 | D:6      | Reached skill level 1 in Shields
  8258 | D:6      | Bought a scroll of blinking for 105 gold pieces
  8258 | D:6      | Bought a potion of curing for 42 gold pieces
  8258 | D:6      | Bought a scroll of identify for 28 gold pieces
  8258 | D:6      | Bought a scroll of poison for 56 gold pieces
  8774 | D:6      | Identified the +1 short sword of the Postmodern Loafs
                  | {protect, +Blink Int+2}
  8862 | D:6      | Found a burning altar of Makhleb.
  9211 | D:7      | Noticed Menkaure
  9216 | D:7      | Killed Menkaure
  9217 | D:7      | Reached skill level 5 in Shields
  9818 | D:7      | Found a staircase to the Ecumenical Temple.
  9841 | D:7      | Noticed Duvessa
 10092 | D:7      | Noticed Dowan
 10115 | D:7      | Killed Duvessa
 10116 | D:7      | Reached XP level 9. HP: 50/62 MP: 7/15
 10116 | D:7      | Killed Dowan
 11284 | D:8      | Noticed Psyche
 11300 | D:8      | Killed Psyche
 11362 | D:8      | Reached skill level 1 in Fighting
 11696 | D:8      | Noticed Maggie
 11715 | D:8      | Killed Maggie
 12076 | D:8      | Reached skill level 5 in Fighting
 12796 | D:8      | Reached XP level 10. HP: 75/84 MP: 11/16
 12925 | D:8      | Found an ancient bone altar of Kikubaaqudgha.
 13386 | D:9      | Noticed a centaur warrior
 13386 | D:9      | Found a staircase to the Lair.
 13540 | D:9      | Noticed a two-headed ogre
 13550 | D:8      | Learned a level 4 spell: Fulminant Prism
 13611 | D:8      | Reached skill level 1 in Hexes
 13989 | D:9      | Killed a two-headed ogre
 14541 | D:8      | Killed a centaur warrior
 14542 | D:8      | Reached skill level 5 in Hexes
 16323 | D:9      | Reached XP level 11. HP: 91/91 MP: 11/17
 16365 | D:9      | Found Seclyet's Specific Store.
 16369 | D:9      | Found Idaraokk's General Store.
 16376 | D:9      | Bought a +4 ring of protection for 396 gold pieces
 16376 | D:9      | Bought a potion of curing for 33 gold pieces
 16376 | D:9      | Bought a scroll of poison for 44 gold pieces
 16376 | D:9      | Bought a scroll of vulnerability for 44 gold pieces
 16397 | D:9      | Bought a potion of brilliance for 52 gold pieces
 16765 | D:9      | Found a shimmering altar of Xom.
 16810 | Lair:1   | Entered Level 1 of the Lair of Beasts
 16811 | Lair:1   | Noticed Grum
 16885 | Lair:1   | Killed Grum
 17457 | Lair:1   | Acquired a +0 kite shield of protection
 17503 | Lair:1   | Found a frozen archway.
 17512 | IceCv    | Entered an ice cave
 17849 | IceCv    | Learned a level 3 spell: Stone Arrow
 17910 | Lair:1   | Reached skill level 1 in Earth Magic
 19026 | Lair:2   | Reached skill level 1 in Polearms
 19127 | Lair:2   | Found a hole to the Spider Nest.
 19172 | Lair:2   | Noticed a skyshark
 19218 | Lair:2   | Noticed Fannar
 19225 | Lair:2   | Killed Fannar
 19533 | Lair:2   | Noticed a six-headed hydra
 19539 | Lair:2   | Killed a six-headed hydra
 19540 | Lair:2   | Reached skill level 5 in Polearms
 19808 | Lair:2   | Noticed Gastronok
 19833 | Lair:2   | Killed Gastronok
 19849 | Lair:2   | Noticed a boulder beetle
 20297 | Lair:2   | Killed a skyshark
 20298 | Lair:2   | Reached skill level 5 in Spellcasting
 21044 | Lair:2   | Reached XP level 12. HP: 100/100 MP: 13/20
 21419 | Lair:2   | Killed a boulder beetle
 21507 | Lair:3   | Learned a level 2 spell: Blink
 21519 | Lair:3   | Reached skill level 1 in Translocations
 22108 | Lair:3   | Noticed a catoblepas
 22553 | Lair:3   | Killed a catoblepas
 22744 | Lair:3   | Reached skill level 5 in Translocations
 22938 | Lair:3   | Found a staircase to the Shoals.
 23188 | Lair:4   | You fall into a shaft and drop 1 floor!
 23188 | Lair:5   | Entered Level 5 of the Lair of Beasts
 23450 | Lair:5   | Learned a level 5 spell: Arcjolt
 23460 | Lair:5   | Reached skill level 1 in Air Magic
 23581 | Lair:5   | Noticed a seven-headed hydra
 23599 | Lair:5   | Killed a seven-headed hydra
 24174 | Lair:5   | Found a white marble altar of Elyvilon.
 24194 | Lair:5   | Reached skill level 5 in Air Magic
 25163 | Lair:5   | Learned a level 4 spell: Iskenderun's Mystic Blast
 25283 | Lair:4   | Noticed a boulder beetle
 25295 | Lair:4   | Killed a boulder beetle
 25296 | Lair:4   | Reached XP level 13. HP: 105/105 MP: 13/22
 26380 | Lair:4   | Reached skill level 10 in Air Magic
 26683 | Lair:4   | Found a viscous altar of Jiyva.
 26907 | Lair:4   | Found a staircase to the Slime Pits.
 28547 | Lair:5   | Reached skill level 10 in Conjurations
 28604 | Lair:5   | Paralysed by a hornet for 3 turns
 29071 | Lair:5   | Found a runed translucent door.
 29072 | Lair:5   | Noticed a fire dragon
 32139 | Lair:5   | Reached XP level 14. HP: 116/116 MP: 21/25
 32937 | D:10     | Entered Level 10 of the Dungeon
 33410 | D:10     | Identified the +7 chain mail of Gluttony {Rampage rF+ rC+}
 33413 | D:10     | Identified the +2 scale mail of the Thoughtful Mystics
                  | {Int+2}
 33414 | D:10     | Identified the +3 leather armour of Pride {rF+}
 33479 | D:10     | Found a portal to a secret trove of treasure.
 33910 | D:10     | Noticed Sonja
 33919 | D:10     | Killed Sonja
 33920 | D:10     | Reached skill level 5 in Dodging
 34118 | D:10     | Noticed Joseph
 34127 | D:10     | Killed Joseph
 34838 | D:10     | Noticed Amaemon
 34855 | D:10     | Killed Amaemon
 35165 | D:11     | Found Wuoloel's Magic Scroll Boutique.
 36127 | D:11     | Reached skill level 10 in Fighting
 36471 | D:11     | Bought a scroll of teleportation for 39 gold pieces
 36471 | D:11     | Bought a scroll of teleportation for 39 gold pieces
 36471 | D:11     | Bought a scroll of identify for 26 gold pieces
 36471 | D:11     | Bought a scroll of identify for 26 gold pieces
 36471 | D:11     | Bought a scroll of enchant armour for 97 gold pieces
 36471 | D:11     | Bought a scroll of identify for 26 gold pieces
 36535 | D:11     | Reached XP level 15. HP: 126/126 MP: 18/27
 36583 | D:11     | Learned a level 3 spell: Ozocubu's Armour
 36586 | D:11     | Learned a level 2 spell: Sublimation of Blood
 36593 | D:11     | Learned a level 5 spell: Lightning Bolt
 37249 | D:12     | Noticed Urug
 37262 | D:12     | Killed Urug
 37963 | D:12     | Noticed Jorgrun
 37972 | D:12     | Killed Jorgrun
 38395 | D:12     | Found a staircase to the Orcish Mines.
 38666 | Orc:1    | Entered Level 1 of the Orcish Mines
 38857 | Orc:1    | Found a runed translucent door.
 38858 | Orc:1    | Noticed Pimp's ghost (journeyman DsEE)
 39057 | Orc:2    | Entered Level 2 of the Orcish Mines
 41887 | Orc:2    | Found a staircase to the Elven Halls.
 42124 | Orc:2    | Found Usedo's Armour Shop.
 42124 | Orc:2    | Found Oleplith's Distillery.
 42206 | Orc:2    | Found Sethav's Jewellery Shop.
 42206 | Orc:2    | Found Zacesh's Antique Weapon Shoppe.
 42441 | Orc:2    | Bought the ring of Ozoholok {rF+ rN+} for 442 gold pieces
 42475 | Orc:2    | Bought a potion of flight for 42 gold pieces
 42475 | Orc:2    | Bought a potion of curing for 42 gold pieces
 42475 | Orc:2    | Bought a potion of berserk rage for 70 gold pieces
 42475 | Orc:2    | Bought a potion of flight for 42 gold pieces
 42475 | Orc:2    | Bought a potion of curing for 42 gold pieces
 42475 | Orc:2    | Bought a potion of berserk rage for 70 gold pieces
 42475 | Orc:2    | Bought a potion of brilliance for 56 gold pieces
 42488 | Orc:2    | Bought a scarf of resistance for 512 gold pieces
 42675 | D:13     | Noticed Frances
 43033 | D:13     | Found a gate to the Vaults.
 43078 | D:13     | Found a stormy altar of Qazlal.
 44456 | D:14     | Found Zoaruar's Assorted Antiques.
 44459 | D:14     | Bought a bone wand for 140 gold pieces
 44459 | D:14     | Bought a potion of might for 140 gold pieces
 44459 | D:14     | Bought a smoking diamond amulet for 175 gold pieces
 44459 | D:14     | Identified the amulet "Vaghuh" {Reflect Regen+ Int+2 SH+5}
                  | (You bought it in a shop on level 14 of the Dungeon)
 44704 | D:15     | Entered Level 15 of the Dungeon
 45138 | D:15     | Found a staircase to the Depths.
 45138 | D:15     | Noticed a frost giant
 45296 | D:15     | Identified the +6 falchion "Ixker" {freeze, *Slow +Blink
                  | rF++ Str-4}
 45340 | D:15     | Reached XP level 16. HP: 138/138 MP: 7/28
 46028 | Spider:1 | Entered Level 1 of the Spider Nest
 47684 | Spider:1 | Learned a level 3 spell: Vampiric Draining
 47750 | Spider:1 | Identified Roxanne's Opusculum on Excavation
 47750 | Spider:1 | Noticed Roxanne
 48683 | Spider:1 | Slain by a radroach

Illustrated notes

Levels and vault maps discovered:
D:1:      minmay_arrival_checkered_box, layout_rooms
D:2:      layout_basic
D:3:      layout_loops_corners, nicolae_overflow_hidden_temple,
          nicolae_uskayaw_suspiria, gammafunk_ghost_nasty_kobolds,
          reono_crystal_passage
D:4:      cheibrodos_old_hovel, layout_loops_ring, minitemple,
          minmay_shop_damaged, columned_hall_lemuel
D:5:      layout_cave_pools, grunt_temple_overflow_open, portal_sewer_entry_e,
          corexii_checkpoint_a
D:6:      layout_rooms, makhleb_grotto_becter, minmay_shop_grid_forest
D:7:      layout_loops_ring, minmay_temple_entry_sparse_star, uniq_menkaure,
          uniq_duvessa
D:8:      layout_layer_cave, nicolae_kikubaaqudgha_miasma_corner, uniq_maggie,
          uniq_psyche
D:9:      layout_rooms, led_xom_imps, erik_lair_orcish_takeover,
          nicolae_specific_store
D:10:     minmay_the_grid_triangle_9x9_recursive_2
          [minmay_the_grid_triangle_9x9_prize_schism,
          minmay_the_grid_triangle_9x9_thin_v,
          minmay_the_grid_triangle_9x9_stretched_checkered,
          minmay_the_grid_triangle_9x9_warning], layout_long_grid,
          nicolae_trove_entry_free_sample, enter_bailey_5, uniq_sonja,
          uniq_joseph, uniq_amaemon
D:11:     layout_gridville, serial_shops, shop_fountains, serial_glass,
          glass_columns_b, glass_columns_a, glass_columns_a, glass_columns_a,
          glass_columns_c, glass_columns_c, glass_columns_a, glass_columns_b,
          glass_columns_a, glass_columns_c, glass_columns_b, glass_columns_b,
          glass_columns_a, glass_columns_c, dreamdust_gnoll_shepherd
D:12:     layout_loops_cross, orc_0_dummy, uniq_urug, uniq_jorgrun
D:13:     layout_cross, david_vaults_5, serial_park, serial_park_tiny_pond,
          serial_park_avenue1, serial_park_tiny_1, serial_park_avenue1,
          nicolae_qazlal_scattered_showers, uniq_frances
D:14:     layout_basic, serial_shops, kennysheep_mini_moat, minivault_1
D:15:     grunt_enter_depths_snipers, layout_small_grid, hangedman_decor_push
Lair:1:   layout_layer_cave, portal_ice_cave_entry_pillars_2, lemuel_fruit_tree,
          uniq_grum
Lair:2:   layout_long_grid, spider_nest_entry_web_field, uniq_fannar,
          uniq_gastronok
Lair:3:   layout_regular_city, elwin_shoals_entry_rooms, grunt_megastairs_1,
          serial_bayou_shore_b
Lair:4:   layout_loops_ring, minmay_slime_entry_oklob_enclosed,
          hangedman_lair_unloving_vines, serial_bayou_shore_b,
          grunt_megastairs_5
Lair:5:   wormcave, layout_regular_city, hangedman_lair_caniforms_friends,
          basic_altar
Spider:1: layout_spider_delve, hangedman_spider_tarantella_strand, uniq_roxanne
Spider:2: layout_spider_delve, drop_trap, nicolae_spider_altar_of_dancing,
          uniq_kirke
Orc:1:    layout_diamond_mine, gammafunk_ghost_grave, minmay_shop_mass,
          mines4_lemuel
Orc:2:    st_orc_town, layout_caves

Skill      XL: |  1  2  3  4  5  6  7  8  9 10 11 12 13 14 15 16 |
---------------+-------------------------------------------------+-----
Conjurations   | 5 6 7 8 9 10 12 | 12.1
Spellcasting   | 4 5 6 7 8 9 |  9.1
Shields        | 7 9 |  9.3
Fighting       | 6 7 8 10 11 12 | 12.1
Hexes          | 7 8 |  8.5
Earth Magic    | 4 |  4.0
Polearms       | 6 |  6.7
Translocations | 6 |  6.4
Air Magic      | 8 11 12 | 12.9
Dodging        | 4 5 7 8 |  8.5
Stealth        | |  1.7

Action                     |  1- 3 |  4- 6 |  7- 9 | 10-12 | 13-15 | 16-18 || total
---------------------------+-------+-------+-------+-------+-------+-------++-------
  Melee: Dagger            |    34 |       |       |       |       |       ||    34
         Tailslap          |     4 |     2 |     3 |    15 |    76 |    19 ||   119
         Demon trident     |       |    12 |    16 |    76 |   485 |    81 ||   670
         Short sword       |       |       |    20 |    21 |       |       ||    41
         Staff             |       |       |       |       |       |     4 ||     4
   Fire: Sling             |       |    30 |       |       |       |       ||    30
  Throw: Dart              |       |       |       |    42 |   177 |     5 ||   224
         Throwing net      |       |       |       |       |     1 |       ||     1
         Javelin           |       |       |       |       |    35 |    11 ||    46
         Boomerang         |       |       |       |       |    70 |     7 ||    77
   Cast: Magic Dart        |    71 |    17 |    98 |    68 |       |       ||   254
         Searing Ray       |       |    25 |    57 |    52 |       |       ||   134
         Fulminant Prism   |       |       |       |    19 |    31 |     5 ||    55
         Dazzling Flash    |       |       |       |     2 |       |       ||     2
         Stone Arrow       |       |       |       |   164 |   257 |     7 ||   428
         Arcjolt           |       |       |       |       |    91 |    24 ||   115
         Blink             |       |       |       |       |     2 |     2 ||     4
         Lightning Bolt    |       |       |       |       |    14 |     1 ||    15
         Iskenderun's Myst |       |       |       |       |     1 |     5 ||     6
         Ozocubu's Armour  |       |       |       |       |       |     6 ||     6
 Invoke: Bribe Branch      |       |       |       |       |     1 |       ||     1
Ability: Breathe Steam     |       |       |     6 |    27 |    46 |     3 ||    82
  Evoke: Wand              |       |       |     2 |    13 |     1 |     1 ||    17
         Box of beasts     |       |       |       |     3 |     1 |     1 ||     5
         Phantom mirror    |       |       |       |       |     1 |       ||     1
    Use: Scroll            |     6 |    11 |     3 |    19 |    12 |     1 ||    52
         Potion            |       |       |     1 |     9 |     7 |     1 ||    18
   Stab: Distracted        |       |       |       |     1 |     2 |       ||     3
         Sleeping          |       |       |       |       |     1 |     1 ||     2
 Armour: Skin              |    12 |    15 |    25 |    79 |   347 |    73 ||   551
  Dodge: Dodged            |    25 |    23 |    35 |   107 |   293 |    85 ||   568
  Block: Kite shield       |       |    13 |    72 |   274 |   593 |   137 ||  1089
         Reflection        |       |       |    12 |    24 |    25 |     3 ||    64

Table legend: (Time is in decaauts)
 A = Elapsed time spent in this place.
 B = Non-inter-level travel time spent in this place.
 C = Inter-level travel time spent in this place.
 D = Time resting spent in this place.
 E = Time spent auto-exploring this place.
 F = Levels seen in this place.
 G = Mean time per level.
                   A        B        C        D        E       F      G
               +--------+--------+--------+--------+--------+-----+--------+
         Total |  48917 |  47704 |   1213 |  22802 |  16490 |  25 | 1956.7 |
       Dungeon |  26134 |  25370 |    764 |  11804 |   9224 |  15 | 1742.3 |
          Lair |  16901 |  16580 |    321 |   8022 |   5684 |   5 | 3380.2 |
   Spider Nest |   1601 |   1584 |     17 |    651 |    520 |   2 |  800.5 |
  Orcish Mines |   3906 |   3795 |    111 |   2027 |   1047 |   2 | 1953.0 |
      Ice Cave |    373 |    373 |      0 |    297 |     14 |   1 |  373.0 |
               +--------+--------+--------+--------+--------+-----+--------+

Top non-repeatable levels by time:
  Lair:5: 6902 daAuts
     D:8: 3996 daAuts
  Lair:2: 3237 daAuts
    D:10: 2932 daAuts
  Lair:4: 2354 daAuts
  Lair:1: 2218 daAuts
     D:3: 2210 daAuts
     D:7: 2202 daAuts
  Lair:3: 2188 daAuts
   Orc:2: 2010 daAuts
   Orc:1: 1895 daAuts
     D:5: 1740 daAuts
Spider:1: 1594 daAuts
     D:9: 1565 daAuts
    D:12: 1463 daAuts
